 Dungeon Crawl Stone Soup version 0.20.1-1-g8b1a95d (webtiles) character file.

42189 Nattfarinn the Warrior (level 13, -3/128 HPs)
             Began as a Minotaur Berserker on Aug 1, 2017.
             Was a High Priest of Trog.
             Slain by a two-headed ogre
             ... wielding a +0 giant club
              (9 damage)
             ... while paralysed by an ogre mage
             ... on level 15 of the Dungeon.
             The game lasted 00:45:09 (18361 turns).

Nattfarinn the Warrior (Minotaur Berserker)        Turns: 18361, Time: 00:45:09

Health: -3/128     AC: 18    Str: 22    XL:     13   Next: 84%
Magic:  12/12      EV:  2    Int: 10    God:    Trog [*****.]
Gold:   1120       SH:  0    Dex: 15    Spells: 12/12 levels left

rFire    + . .     SeeInvis .   d - +2 great mace (crush)
rCold    . . .     Gourm    .   (shield currently unavailable)
rNeg     + . .     Faith    .   U - +0 acid dragon scales
rPois    +         Spirit   .   A - +1 hat
rElec    .         Reflect  .   K - scarf {rC+ rF+}
rCorr    +         Harm     .   (no gloves)
MR       .....                  Q - +2 pair of boots
Stlth    +.........             (no amulet)
Regen    0.4/turn               W - ring "Lesoi" {rPois rC- rN+ Int+6}
MPRegen  0.2/turn               J - +5 ring of protection

@: paralysed
A: retaliatory headbutt, horns 2
a: Berserk, Trog's Hand, Brothers in Arms, Burn Spellbooks, Renounce Religion


You were on level 15 of the Dungeon.
You worshipped Trog.
Trog was extremely pleased with you.
You were hungry.

You visited 1 branch of the dungeon, and saw 15 of its levels.

You collected 1153 gold pieces.
You spent 33 gold pieces at shops.

Inventory:

Hand Weapons
 d - a +2 great mace of crushing (weapon)
 e - a +4 halberd
 o - a +4 antimagic glaive
 P - a +2 flail of holy wrath
 Y - a +4 flail of crushing
Armour
 r - the +2 robe of Perpetual Drought {*Corrode rF+ rC+ rN+}
   (You found it on level 14 of the Dungeon)

   It protects you from fire.
   It protects you from cold.
   It protects you from negative energy.
   It may corrode you when you take damage.
 A - a +1 hat (worn)
 K - a scarf of resistance (worn)
 Q - a +2 pair of boots (worn)
 U - +0 acid dragon scales (worn)
 X - the +1 leather armour "Gagel" {rPois Int+2}
   (You found it on level 11 of the Dungeon)

   It affects your intelligence (+2).
   It protects you from poison.
Jewellery
 C - an uncursed ring of positive energy
 H - a +2 ring of evasion
 I - a +1 ring of evasion
 J - a +5 ring of protection (right hand)
 N - a cursed -2 ring of slaying {unknown}
 W - the ring "Lesoi" (left hand) {rPois rC- rN+ Int+6}
   (You found it on level 11 of the Dungeon)

   [ring of positive energy]

   It affects your intelligence (+6).
   It makes you vulnerable to cold.
   It protects you from poison.
   It protects you from negative energy.
Wands
 f - a wand of lightning (2/15)
 S - a wand of random effects (11/48)
Scrolls
 a - 2 scrolls of blinking
 g - 2 scrolls of fog
 h - 2 scrolls of immolation
 j - 5 scrolls of magic mapping
 k - 2 scrolls of enchant armour
 n - 7 scrolls of remove curse
 t - 9 scrolls of identify
 w - a scroll of enchant weapon {unknown}
 x - a scroll of recharging {unknown}
 y - 2 scrolls of amnesia {unknown}
 D - 4 scrolls of teleportation
 F - a scroll of noise {unknown}
Potions
 i - a potion of resistance {unknown}
 m - 3 potions of degeneration
 p - 3 potions of lignification
 q - a potion of invisibility {unknown}
 s - a potion of might
 u - 2 potions of haste
 v - 10 potions of curing
 B - a potion of magic {unknown}
 G - 2 potions of brilliance {unknown}
 V - a potion of mutation {unknown}
Miscellaneous
 l - a lamp of fire
 L - a phial of floods
 R - a phantom mirror
Comestibles
 b - a fruit
 c - 12 bread rations
 z - 3 meat rations
 M - 7 royal jellies


   Skills:
 * Level 15.7 Fighting
 * Level 12.7 Maces & Flails
 - Level 14.0 Polearms
 - Level 11.3 Armour
 * Level 9.3 Dodging


You had 12 spell levels left.
You didn't know any spells.

Dungeon Overview and Level Annotations

Branches:
Dungeon (15/15)            Temple (0/1) D:5            Lair (0/6) D:10
    Orc (0/2) D:9          Vaults (0/5) D:14
 Depths: D:15

Altars:
Dithmenos
Gozag
Ru
Uskayaw
The Shining One

Shops:
D:7 *   D:13 =


Innate Abilities, Weirdness & Mutations

You reflexively headbutt those who attack you in melee.
You have a pair of horns on your head.


Message History

The two-headed ogre hits you but does no damage.
The two-headed ogre hits you with a giant club.
The ogre mage hits you but does no damage.
An orc comes into view. It is wielding a mace.
The two-headed ogre hits you with a giant club! x2
The ogre mage completely misses you.
The two-headed ogre hits you with a giant spiked club!
* * * LOW HITPOINT WARNING * * *
The two-headed ogre barely misses you.
The ogre mage casts a spell at the ogre.
The ogre seems to speed up.
The two-headed ogre hits you with a giant club!
* * * LOW HITPOINT WARNING * * *
The two-headed ogre hits you but does no damage.
The two-headed ogre hits you with a giant spiked club!!
* * * LOW HITPOINT WARNING * * *
The two-headed ogre completely misses you.
The ogre mage hits you but does no damage.
The two-headed ogre hits you with a giant club!
You die...

........#
........##
#######S.###
#.o...#
##o)##.....
##.9## ##...
##OO## ..
##OO## .
##@O##
##..##
##..##
##.)##
##..##
###..##
#...## #...#
##..##


You could see 2 two-headed ogres, an ogre mage, a black mamba, an orc warrior, a
gargoyle, 2 ogres and an orc.

Vanquished Creatures
  Kirke (D:13)
  The ghost of Nattfarinn the Fighter, a journeyman GrBe of Trog (D:13)
  Josephine (D:14)
  2 hydras
  Harold (D:11)
  A satyr (shapeshifter) (D:13)
  2 dancing weapons
  7 two-headed ogres
  2 centaur warriors
  Urug (D:13)
  3 skeletal warriors (D:13)
  5 unseen horrors
  An orc knight (D:12)
  8 ugly things
  2 manticores
  2 cyclopes (D:12)
  A deep elf mage (D:13)
  A gargoyle (D:10)
  2 komodo dragons
  3 trolls
  The ghost of lorimerr the Covert, a novice SpEn of Dithmenos (D:5)
  Grinder (D:4)
  2 hippogriffs (D:7)
  2 shadows
  3 wraiths (D:14)
  2 wyverns
  5 hogs (D:13)
  16 yaks
  A basilisk (D:15)
  3 hungry ghosts
  3 vampire mosquitoes (D:14)
  4 wargs
  4 acid dragons
  A water moccasin (D:11)
  4 ice beasts
  8 orc warriors
  A black bear (D:9)
  3 sky beasts
  4 phantoms
  An eye of draining (D:12)
  6 ogres
  8 centaurs
  The ghost of Nattfarinn the Skirmisher, an amateur GrBe of Trog (D:3)
  4 big kobolds
  10 bullfrogs
  A water moccasin zombie (D:6)
  A wyvern skeleton (D:11)
  4 scorpions
  A water moccasin skeleton (D:6)
  22 killer bees
  14 wights
  3 howler monkeys
  5 crimson imps
  A quasit (D:9)
  3 centaur zombies
  A bullfrog zombie (D:9)
  7 jellies
  A gnoll shaman (D:4)
  7 hounds
  5 centaur skeletons
  14 orc priests
  Natasha (thrice) (D:3)
  7 bullfrog skeletons
  11 worker ants
  Ijyb (D:4)
  Terence (D:3)
  7 iguanas
  11 orc wizards
  A killer bee zombie (D:6)
  A hound zombie (D:6)
  A hound skeleton (D:6)
  2 howler monkey zombies
  13 gnolls
  2 worker ant zombies
  15 adders
  A howler monkey skeleton (D:7)
  7 shadow imps
  7 oozes
  2 adder zombies
  An adder skeleton (D:7)
  A worm (D:2)
  A dart slug (D:2)
  6 leopard geckos
  76 orcs
  A ball python (D:1)
  6 bats
  11 giant cockroaches
  10 goblins
  7 hobgoblins
  13 jackals
  4 quokkas
  4 frilled lizards
  4 jackal skeletons
  19 kobolds
  3 leopard gecko skeletons
  A quokka skeleton (D:6)
  8 rats
504 creatures vanquished.

Vanquished Creatures (collateral kills)
  Snorg (D:11)
  A two-headed ogre (D:15)
  Sonja (D:13)
  An ugly thing (D:7)
  A gargoyle (D:13)
  A troll (D:7)
  A hippogriff (D:7)
  A water moccasin (D:7)
  An ice beast (D:11)
  A water moccasin skeleton (D:7)
  A wight (D:7)
  A jelly (D:7)
12 creatures vanquished.

Vanquished Creatures (others)
  A kobold (D:14)
1 creature vanquished.

Grand Total: 517 creatures vanquished

Notes
Turn   | Place    | Note
-------+----------+-------------------------------------------
     0 | D:1      | Nattfarinn the Minotaur Berserker began the quest for the Orb.
     0 | D:1      | Reached XP level 1. HP: 19/19 MP: 0/0
   194 | D:1      | Reached XP level 2. HP: 21/27 MP: 1/1
   226 | D:1      | Reached skill level 4 in Fighting
   756 | D:1      | Reached XP level 3. HP: 33/33 MP: 2/2
   831 | D:1      | Reached ** piety under Trog
  1379 | D:2      | Reached XP level 4. HP: 41/41 MP: 3/3
  1503 | D:2      | Reached skill level 1 in Polearms
  1634 | D:3      | Noticed Natasha
  1643 | D:3      | Killed Natasha
  1790 | D:3      | Noticed Terence
  1797 | D:3      | Killed Terence
  1797 | D:3      | Reached XP level 5. HP: 36/47 MP: 4/4
  2019 | D:3      | Noticed Natasha
  2024 | D:3      | Reached *** piety under Trog
  2026 | D:3      | Killed Natasha
  2033 | D:3      | Reached skill level 5 in Fighting
  2061 | D:3      | Noticed Nattfarinn's ghost (amateur GrBe)
  2067 | D:3      | Killed Nattfarinn's ghost
  2067 | D:3      | Reached XP level 6. HP: 56/56 MP: 5/5
  2246 | D:3      | Noticed Natasha
  2250 | D:3      | Killed Natasha
  2470 | D:4      | Reached skill level 5 in Polearms
  2577 | D:4      | Reached XP level 7. HP: 53/61 MP: 6/6
  2654 | D:4      | Noticed Ijyb
  2661 | D:4      | Killed Ijyb
  2822 | D:4      | Found an opulent altar of Gozag.
  2842 | D:4      | Noticed a troll
  2850 | D:4      | Killed a troll
  2850 | D:4      | Reached **** piety under Trog
  2850 | D:4      | Reached skill level 6 in Fighting
  2850 | D:4      | Reached skill level 5 in Armour
  3156 | D:4      | Noticed Grinder
  3156 | D:4      | Paralysed by Grinder for 7 turns
  3171 | D:4      | Paralysed by Grinder for 7 turns
  3184 | D:4      | Paralysed by Grinder for 3 turns
  3189 | D:4      | Paralysed by Grinder for 7 turns
  3197 | D:4      | Killed Grinder
  3197 | D:4      | Reached XP level 8. HP: 32/71 MP: 7/7
  3614 | D:5      | Entered Level 5 of the Dungeon
  3649 | D:5      | Found a staircase to the Ecumenical Temple.
  3835 | D:5      | Reached skill level 7 in Fighting
  3857 | D:5      | Noticed lorimerr's ghost (novice SpEn)
  3902 | D:5      | Killed lorimerr's ghost
  3986 | D:5      | Found a shadowy altar of Dithmenos.
  4549 | D:6      | Reached XP level 9. HP: 76/81 MP: 8/8
  4576 | D:6      | Reached skill level 8 in Fighting
  4777 | D:6      | Reached ***** piety under Trog
  5125 | D:7      | Noticed a two-headed ogre
  5134 | D:7      | Killed a two-headed ogre
  5137 | D:7      | Reached skill level 9 in Fighting
  5315 | D:7      | Reached skill level 10 in Polearms
  5758 | D:7      | Found Vekytatu's General Store.
  5762 | D:7      | Reached XP level 10. HP: 92/92 MP: 9/9
  5768 | D:7      | Bought a potion of curing for 33 gold pieces
  5919 | D:7      | Reached skill level 10 in Fighting
  6044 | D:7      | Noticed a white ugly thing
  6063 | D:7      | Killed a white ugly thing
  6574 | D:8      | Found a hide-covered altar of Uskayaw.
  6617 | D:8      | Found a sacrificial altar of Ru.
  6689 | D:8      | Received a gift from Trog
  6940 | D:8      | Killed an unseen horror
  7259 | D:8      | Reached skill level 10 in Armour
  7547 | D:8      | Reached skill level 11 in Fighting
  7895 | D:9      | Reached skill level 5 in Dodging
  7991 | D:9      | Found a staircase to the Orcish Mines.
  8191 | D:9      | Found a glowing golden altar of the Shining One.
  8599 | D:9      | Reached XP level 11. HP: 103/103 MP: 10/10
  8712 | D:10     | Entered Level 10 of the Dungeon
  8735 | D:10     | Found a staircase to the Lair.
  8845 | D:10     | Received a gift from Trog
  9044 | D:10     | Reached skill level 12 in Fighting
  9598 | D:10     | Noticed a two-headed ogre
  9605 | D:10     | Killed a two-headed ogre
  9821 | D:11     | Found a transporter.
  9824 | D:11     | Noticed Harold
  9842 | D:11     | Killed Harold
  9955 | D:11     | Noticed a two-headed ogre
  9960 | D:11     | Killed a two-headed ogre
 10033 | D:11     | Noticed Snorg
 10051 | D:11     | Killed Snorg
 10674 | D:11     | Noticed a two-headed ogre
 10675 | D:11     | Noticed a five-headed hydra
 10689 | D:11     | Noticed a red ugly thing
 10692 | D:11     | Found a transporter.
 10700 | D:11     | Killed a two-headed ogre
 10700 | D:11     | Reached skill level 13 in Fighting
 10787 | D:11     | Killed an unseen horror
 11087 | D:11     | Killed a nine-headed hydra
 11091 | D:11     | Killed a red ugly thing
 11387 | D:11     | Reached XP level 12. HP: 115/115 MP: 11/11
 11487 | D:11     | Got a scorched marble ring
 11528 | D:11     | Got a warped leather armour
 11541 | D:11     | Identified the +1 leather armour "Gagel" {rPois Int+2} (You found it on level 11 of the Dungeon)
 11582 | D:12     | Identified the ring "Lesoi" {rPois rC- rN+ Int+6} (You found it on level 11 of the Dungeon)
 12275 | D:12     | Reached skill level 14 in Fighting
 12388 | D:12     | Noticed a two-headed ogre
 12400 | D:12     | Killed a two-headed ogre
 12452 | D:12     | Received a gift from Trog
 12452 | D:12     | Reached skill level 5 in Maces & Flails
 13101 | D:12     | Noticed a centaur warrior
 13113 | D:12     | Killed a centaur warrior
 13434 | D:13     | Noticed Nattfarinn's ghost (journeyman GrBe)
 13465 | D:13     | Killed Nattfarinn's ghost
 13944 | D:13     | Noticed Kirke
 14314 | D:13     | Noticed Sonja
 14337 | D:13     | Killed Sonja
 14496 | D:13     | Found Xuddair's Jewellery Shoppe.
 14663 | D:13     | Noticed a satyr
 14679 | D:13     | Killed a satyr
 14891 | D:13     | Killed Kirke
 14891 | D:13     | Reached XP level 13. HP: 125/125 MP: 12/12
 15373 | D:14     | Reached skill level 10 in Maces & Flails
 15393 | D:13     | Reached skill level 15 in Fighting
 16053 | D:14     | Found a gate to the Vaults.
 16846 | D:14     | Noticed Urug
 16880 | D:13     | Killed Urug
 17582 | D:14     | Got a wizard robe
 17583 | D:14     | Identified the +2 robe of Perpetual Drought {*Corrode rF+ rC+ rN+} (You found it on level 14 of the Dungeon)
 17737 | D:15     | Entered Level 15 of the Dungeon
 17737 | D:15     | Noticed Josephine
 17744 | D:14     | Killed Josephine
 17744 | D:14     | Received a gift from Trog
 18356 | D:15     | Paralysed by an ogre mage for 6 turns
 18360 | D:15     | HP: 6/128 [two-headed ogre/giant spiked club (20)]
 18361 | D:15     | Slain by a two-headed ogre

Skill      XL: |  1  2  3  4  5  6  7  8  9 10 11 12 13 |
---------------+----------------------------------------+-----
Maces & Flails | 4 9 12 | 12.7
Fighting       | 4 5 6 7 9 11 13 14 15 | 15.7
Armour         | 3 4 5 8 9 10 11 | 11.3
Polearms       | 2 4 5 6 8 10 12 13 14 | 14.0
Dodging        | 3 4 5 6 8 9 |  9.3

Action                   |  1- 3 |  4- 6 |  7- 9 | 10-12 | 13-15 || total
-------------------------+-------+-------+-------+-------+-------++-------
Melee: Mace              |    21 |       |       |       |       ||    21
       Headbutt          |     8 |    16 |    53 |   163 |    58 ||   298
       Halberd           |    42 |   118 |   352 |   449 |       ||   961
       Flail             |       |       |       |   300 |   207 ||   507
       Unarmed           |       |       |       |     2 |       ||     2
       Great mace        |       |       |       |       |    44 ||    44
Invok: Berserk           |     1 |     2 |     4 |    10 |     5 ||    22
       Trog's Hand       |       |     1 |       |     1 |     1 ||     3
       Burn Spellbooks   |       |       |     2 |     1 |     2 ||     5
       Brothers in Arms  |       |       |       |     7 |     2 ||     9
  Use: Potion            |       |     1 |       |       |     2 ||     3
       Scroll            |       |       |       |    15 |     1 ||    16
 Stab: Sleeping          |       |       |       |     1 |       ||     1
  Eat: Chunk             |     3 |     6 |    14 |    23 |     9 ||    55
       Royal jelly       |       |       |       |     5 |     2 ||     7
       Meat ration       |       |       |       |     2 |       ||     2
       Fruit             |       |       |       |       |     5 ||     5
Armor: Animal skin       |    14 |     6 |       |       |       ||    20
       Scale mail        |       |    21 |   141 |    54 |       ||   216
       Plate armour      |       |       |       |   145 |       ||   145
       Acid dragon scale |       |       |       |   153 |   122 ||   275
Dodge: Dodged            |    42 |    83 |   130 |   463 |   252 ||   970
